 Dungeon Crawl Stone Soup version 0.30-a0-989-g0d87f670db (webtiles) character file.

Game seed: 9143793079025587250

95 cheesebisquit the Firebug (level 4, 0/33 HPs)
             Began as a Draconian Fire Elementalist on Apr 1, 2023.
             Killed from afar by an orc wizard (5 damage)
             ... with a puff of flame
             ... on level 3 of the Dungeon on Apr 2, 2023.
             The game lasted 00:25:22 (3007 turns).

cheesebisquit the Firebug (DrFE)                    Turns: 3007, Time: 00:25:23

Health: 0/33       AC:  5    Str:  9 (10) XL:     4   Next: 39%
Magic:  2/2        EV: 12    Int: 16 (18) God:
Gold:   78         SH:  0    Dex: 10 (11) Spells: 0/9 levels left

rFire   . . .      SeeInvis .    m - +1 short sword (antimagic)
rCold   + . .      Faith    .    (no shield)
rNeg    . . .      Spirit   .    (body armour unavailable)
rPois   .          Reflect  .    (helmet restricted)
rElec   .          Rampage  .    (no cloak)
rCorr   .                        (no gloves)
Will    .....                    (no boots)
Stlth   +                        (no amulet)
HPRegen 0.25/turn                l - ring of protection from cold
MPRegen 0.08/turn                (no ring)

@: confused
A: AC +5, unfitting armour, cold-blooded
a: no special abilities


You were on level 3 of the Dungeon.
You visited 1 branch of the dungeon, and saw 3 of its levels.

You collected 78 gold pieces.

Inventory:

Hand Weapons
 b - a +0 war axe
 h - a +0 whip
 m - a +1 antimagic short sword (weapon)
 n - a +1 flail of draining
Missiles
 f - 12 poisoned darts
 q - 2 throwing nets
Jewellery
 l - a ring of protection from cold (left hand)
Scrolls
 d - a scroll of silence {unknown}
 e - a scroll of blinking {unknown}
 g - a scroll of enchant weapon {unknown}
 j - 4 scrolls of teleportation {unknown}
 k - 2 scrolls of vulnerability {unknown}
 o - a scroll of immolation {unknown}
 p - a scroll of fear {unknown}


   Skills:
 - Level 1.7 Dodging
 - Level 1.7 Stealth
 + Level 3.2 Spellcasting
 - Level 1.0 Conjurations
 + Level 4.4 Fire Magic


You couldn't memorise any spells.
You knew the following spells:

 Your Spells              Type           Power      Damage    Failure   Level
a - Foxfire               Conj/Fire      44%        2x1d4     6%          1
b - Inner Flame           Hex/Fire       9%         N/A       22%         3
c - Kindle Blastsparks    Fire/Tloc/Air  14%        2d11      30%         3
z - Scorch                Fire           32%        2d6       4%          2

Your spell library contained the following spells:

 Spells                   Type           Power      Damage    Failure   Level
 Dazzling Flash           Conj/Hex       8%         N/A       41%         3
 Tukima's Dance           Hex            2%         N/A       50%         3
 Flame Wave               Conj/Fire      11%        2d6       52%         4
 Iskenderun's Mystic Bla  Conj/Tloc      4%         2d3       83%         4
 Passage of Golubria      Tloc           2%         N/A       88%         4
 Yara's Violent Unravell  Hex/Tmut       1%         3d3       99%         5
 Starburst                Conj/Fire      5%         6d4       100%        6


Dungeon Overview and Level Annotations

Branches:
Dungeon (3/15)

Altars:
Trog
Uskayaw


Innate Abilities, Weirdness & Mutations

Your plain brown scales are hard. (AC +5)
You cannot fit into any form of body armour.
You are cold-blooded and may be slowed by cold attacks.


Message History

You kill the orc!
The foxfire hits something.
You are out of magic!
The orc shouts!
Something hits you but does no damage.
Items here: $ ) ? [ †.
You barely miss something.
Your tail-slap misses something.
You hit something but do no damage. Something hits you but does no damage.
The orc attacks as you move away! The orc hits you with a +0 flail.
Something hits you.
The orc throws a stone.
The stone barely misses you. Something hits you. Something hits you.
You hear some strange, mumbled words.
A puff of flame appears from out of thin air!
The puff of flame hits you!
The orc throws a stone.
The orc throws a stone.
The orc throws a stone.
The stone hits you but does no damage.
A puff of flame appears from out of thin air!
The puff of flame hits you.
The orc throws a stone.
A magic dart appears from out of thin air!
The magic dart hits you!
* * * LOW HITPOINT WARNING * * *
It was a potion of degeneration.
There was something very wrong with that liquid.
You feel weakened.
You feel dopey.
You feel clumsy.
The orc throws a stone.
It was a potion of cancellation.
You feel magically purged.
You hear some strange, mumbled words.
You are confused.
The orc throws a stone.
The stone barely misses you.
You are too confused!
You bump into the rock wall.
The orc throws a stone.
The stone hits you.
* * * LOW HITPOINT WARNING * * *
You bump into the rock wall.
You bump into the rock wall.
You hear some strange, mumbled words.
A puff of flame appears from out of thin air!
The puff of flame hits you.
You die...

#..)#######.......#.#.#
###...# #..........#.# #
###.# #.######.#.#[# # #
#.####.# #o#.#.. # #
#...##.# #.#.### ##### #
###.>..# #.#.#########....
# ##.#.# #.#.........'....
#
#.#.######{###########....
# #.#......@.# #.... #
#.################ #....
#................# #....
################.# #....
#####†## #..<. #......#
##### #......# #..
#......# #.# #......# #.#


You could see an orc.

Vanquished Creatures
  3 adders
  2 worms
  3 orcs
  6 bats
  3 endoplasms (D:1)
  2 giant cockroaches
  5 goblins
  6 hobgoblins
  3 jackals (D:2)
  5 quokkas
  2 ball pythons (D:3)
  2 frilled lizards (D:2)
  6 kobolds
  5 rats
53 creatures vanquished.

Vanquished Creatures (collateral kills)
  A foxfire (D:3)
1 creature vanquished.

Vanquished Creatures (others)
  116 foxfires
116 creatures vanquished.

Grand Total: 170 creatures vanquished

Notes
Turn   | Place    | Note
-------+----------+-------------------------------------------
     0 | D:1      | cheesebisquit the Draconian Fire Elementalist began the
                  | quest for the Orb.
     0 | D:1      | Reached XP level 1. HP: 14/14 MP: 3/3
   320 | D:1      | Reached XP level 2. HP: 20/20 MP: 5/5
  1048 | D:1      | You fall into a shaft and drop 1 floor!
  1069 | D:2      | Found a hide-covered altar of Uskayaw.
  1153 | D:2      | Reached XP level 3. HP: 20/26 MP: 1/6
  1614 | D:2      | Reached skill level 4 in Fire Magic
  2290 | D:3      | Reached XP level 4. HP: 33/33 MP: 0/8
  2399 | D:3      | Learned a level 2 spell: Scorch
  2403 | D:3      | Learned a level 3 spell: Inner Flame
  2407 | D:3      | Learned a level 3 spell: Kindle Blastsparks
  2456 | D:3      | Upgraded the game from 0.30-a0-986-g7f2e898f52 to
                  | 0.30-a0-989-g0d87f670db
  2521 | D:3      | Found a bloodstained altar of Trog.
  3007 | D:3      | Killed from afar by an orc wizard

Illustrated notes

Levels and vault maps discovered:
D:1:      saegor_arrival_simple_c, layout_basic
D:2:      layout_rooms, basic_altar, lemuel_flame_loot_1
D:3:      layout_basic, trog_hazing_becter, cheibrodos_ashenzari_chains

Skill      XL: |  1  2  3 |
---------------+----------+-----
Fire Magic     | 4 |  4.4
Spellcasting   | 3 |  3.2
Dodging        | |  1.7
Stealth        | |  1.7
Conjurations   | |  1.0

Action                     |  1- 3 |  4- 6 || total
---------------------------+-------+-------++-------
  Melee: Unarmed           |     7 |       ||     7
         Tailslap          |     4 |     2 ||     6
         War axe           |    23 |       ||    23
         Short sword       |    10 |    16 ||    26
         Punch             |       |     1 ||     1
  Throw: Dart              |    14 |       ||    14
   Cast: Foxfire           |    56 |    19 ||    75
    Use: Potion            |     1 |     3 ||     4
 Armour: Skin              |    21 |     9 ||    30
  Dodge: Dodged            |    70 |    11 ||    81

Table legend: (Time is in decaauts)
 A = Elapsed time spent in this place.
 B = Non-inter-level travel time spent in this place.
 C = Inter-level travel time spent in this place.
 D = Time resting spent in this place.
 E = Time spent auto-exploring this place.
 F = Levels seen in this place.
 G = Mean time per level.
                   A        B        C        D        E       F      G
               +--------+--------+--------+--------+--------+-----+--------+
         Total |   3021 |   2740 |    281 |      0 |   2138 |   3 | 1007.0 |
       Dungeon |   3021 |   2740 |    281 |      0 |   2138 |   3 | 1007.0 |
               +--------+--------+--------+--------+--------+-----+--------+

Top non-repeatable levels by time:
     D:1: 1324 daAuts
     D:2: 909 daAuts
     D:3: 787 daAuts
